Map: [ESL] Cosmic Sapphire

Players

MeomaikA

  • Race: Zerg Zerg
  • Spawn Location: 11:00

Harstem - Winner!

  • Race: Protoss Protoss
  • Spawn Location: 5:00

Event: DreamHack SC2 Masters 2022 Valencia

VOD

Have the link to the VOD?

Description

Time

  • Played on: July 1, 2022, 2:02 p.m.
  • Length: 10:38

All games in this series

Show
View Real Time Build Order
Export as new Build Order

MeomaikA Zerg 

Build Orders: Pool First, Roach Hydra 

Get SALT Encoding   

  12  0:00  Drone  
  13  0:08  Drone  
  14  0:16  Overlord  
  14  0:24  Drone, Extractor  
  15  0:34  Drone  
  15  0:35  Drone  
  17  0:44  Spawning Pool  
  17  0:47  Drone  
  17  1:08  Hatchery  
  17  1:10  Drone  
  17  1:12  Extractor  
  17  1:15  Drone  
  17  1:19  Drone  
  18  1:29  Drone  
  18  1:31  Queen  
  21  1:37  Zergling x2  
  22  1:49  Overlord  
  22  2:07  Drone, Queen  
  25  2:09  Drone  
  25  2:13  Metabolic Boost  
  26  2:20  Drone x2  
  28  2:30  Drone  
  28  2:31  Drone  
  30  2:39  Drone  
  30  2:41  Drone, Hatchery  
  32  2:44  Drone  
  32  2:46  Drone  
  32  2:50  Drone  
  34  2:54  Overlord  
  34  2:59  Drone  
  35  3:06  Lair  
  35  3:08  Drone  
  36  3:14  Drone x4  
  36  3:17  Drone, Extractor  
  40  3:20  Drone  
  40  3:21  Drone  
  40  3:25  Overlord  
  42  3:29  Zergling x4  
  42  3:33  Spore Crawler  
  43  3:38  Spore Crawler  
  43  3:39  Drone x2  
  44  3:45  Drone  
  44  3:46  Zergling x4  
  47  3:49  Drone x2  
  47  3:53  Queen  
  51  3:58  Drone x2  
  51  4:02  Overlord  
  53  4:03  Overlord  
  53  4:09  Hydralisk Den  
  52  4:10  Overlord  
  52  4:20  Overlord  
  52  4:21  Drone x5  
  55  4:34  Drone x5  
  55  4:35  Drone x2  
  55  4:38  Muscular Augments  
  62  4:40  Roach Warren  
  62  4:44  Evolution Chamber  
  60  4:46  Hydralisk  
  60  4:48  Hydralisk  
  64  4:55  Overlord x2  
  64  4:59  Overlord  
  64  5:01  Hydralisk x2  
  64  5:03  Drone  
  64  5:05  Drone  
  64  5:06  Drone  
  71  5:09  Extractor  
  71  5:10  Drone x2  
  71  5:11  Drone x2  
  71  5:12  Drone  
  75  5:14  Zerg Missile Weapons Level 1  
  75  5:20  Drone x3  
  78  5:21  Extractor  
  78  5:22  Hydralisk  
  78  5:25  Hydralisk  
  78  5:28  Zergling x6  
  84  5:30  Overlord  
  84  5:39  Glial Reconstitution  
  84  5:40  Roach x3  
  84  5:42  Drone x2  
  92  5:48  Overseer  
  92  5:51  Drone x3  
  92  5:52  Extractor, Hatchery  
  92  5:54  Roach x2  
  92  5:56  Roach  
  99  5:58  Roach  
  99  5:59  Roach  
  99  6:02  Roach  
  105  6:10  Overlord  
  105  6:11  Overlord  
  105  6:13  Overlord  
  105  6:18  Overlord x3  
  105  6:24  Grooved Spines  
  105  6:26  Overlord  
  105  6:30  Roach x4  
  105  6:32  Roach x3  
  119  6:36  Roach  
  119  6:38  Roach  
  123  6:41  Roach  
  123  6:43  Overseer  
  125  6:48  Hydralisk x3  
  125  6:52  Ravager, Zergling x4  
  125  6:53  Roach  
  134  6:54  Roach x2  
  134  6:55  Drone  
  134  6:56  Overlord, Drone x2  
  134  6:59  Roach  
  143  7:02  Ravager  
  143  7:03  Roach  
  143  7:04  Zergling x2  
  143  7:05  Roach  
  149  7:09  Zergling x2  
  149  7:14  Zergling x4  
  151  7:15  Drone, Queen  
  151  7:17  Evolution Chamber  
  151  7:19  Zerg Missile Weapons Level 2  
  151  7:21  Drone  
  154  7:23  Zergling x2  
  154  7:24  Drone x6  
  154  7:25  Zergling x2  
  154  7:26  Zergling x2  
  154  7:28  Zergling x4  
  165  7:32  Zergling x2  
  166  7:38  Overlord, Zergling x4  
  166  7:43  Overlord  
  166  7:46  Queen  
  166  7:47  Zergling x4  
  166  7:49  Overlord  
  162  7:52  Drone x2  
  162  7:53  Overlord  
  162  7:54  Zerg Melee Weapons Level 1  
  162  7:56  Overlord  
  162  7:57  Overlord, Zergling x2  
  165  7:59  Zergling x2  
  165  8:07  Drone  
  165  8:11  Drone x2  
  165  8:12  Overlord  
  168  8:16  Roach, Zergling x2  
  168  8:17  Zergling x4  
  168  8:19  Zergling x4  
  175  8:23  Roach  
  175  8:26  Zergling x6  
  180  8:28  Overlord  
  180  8:29  Hatchery  
  180  8:30  Zergling x4  
  181  8:37  Zergling x4  
  181  8:39  Zergling x2  
  176  8:44  Zergling x4  
  176  8:45  Zergling x6  
  176  8:46  Zergling x4  
  177  8:52  Zergling x2  
  177  8:53  Zergling x2  
  177  8:54  Zergling x6  
  161  8:55  Zergling x2  
  161  8:59  Hydralisk  
  161  9:00  Hydralisk x3  
  161  9:02  Zergling x2  
  155  9:03  Roach x2  
  155  9:04  Roach x2  
  155  9:06  Roach x4  
  155  9:07  Roach  
  163  9:13  Zergling x2  
  163  9:15  Zergling x2  
  159  9:17  Zergling x4  
  149  9:25  Zergling x4  
  149  9:28  Zergling x2  
  149  9:29  Roach  
  139  9:32  Roach x2  
  139  9:33  Roach x2, Zergling x2  
  139  9:34  Zergling x4  
  139  9:35  Zergling x10  
  139  9:38  Zergling x4  
  157  9:40  Roach  
  157  9:41  Roach  
  157  9:42  Roach  
  162  9:50  Roach x2  
  162  9:51  Roach  
  159  9:53  Roach  
  159  9:56  Roach  
  159  9:59  Roach x2  
  150  10:00  Roach, Zergling x2  
  150  10:01  Roach  
  150  10:03  Zergling x2  
  150  10:04  Infestation Pit, Zergling x4  
  150  10:05  Zergling x2  
  152  10:07  Zergling x14  
  152  10:09  Zergling x2  
  152  10:11  Zergling x2  
  152  10:12  Zergling x2  
  152  10:13  Zergling x2  
  162  10:16  Zergling x2  
  162  10:18  Zergling x2  
  163  10:21  Zergling x2  
Show
View Real Time Build Order
Export as new Build Order

Harstem Protoss - Winner!

Build Orders: 1 Gate Expand, Oracle Opening 

Get SALT Encoding   

  12  0:00  Probe  
  13  0:12  Probe  
  14  0:17  Pylon  
  14  0:24  Probe  
  15  0:36  Probe (Chrono Boost)  
  15  0:38  Gateway  
  16  0:45  Probe (Chrono Boost)  
  16  0:48  Assimilator  
  17  0:51  Probe  
  18  1:03  Probe  
  19  1:15  Probe  
  20  1:23  Nexus  
  20  1:35  Cybernetics Core  
  20  1:36  Probe  
  21  1:42  Assimilator  
  21  1:48  Probe  
  21  1:52  Pylon  
  22  2:00  Probe  
  23  2:09  Adept (Chrono Boost)  
  23  2:12  Probe  
  26  2:22  Stargate  
  26  2:25  Probe  
  27  2:31  Adept  
  27  2:35  Warp Gate  
  30  2:37  Probe (Chrono Boost)  
  30  2:38  Probe (Chrono Boost)  
  31  2:46  Pylon  
  31  2:50  Probe (Chrono Boost)  
  33  2:55  Probe (Chrono Boost)  
  33  2:58  Probe (Chrono Boost)  
  34  3:01  Probe (Chrono Boost)  
  34  3:04  Probe  
  35  3:10  Void Ray (Chrono Boost)  
  39  3:13  Probe  
  39  3:16  Probe  
  39  3:19  Gateway  
  41  3:25  Probe  
  42  3:28  Probe  
  43  3:37  Probe, Oracle (Chrono Boost)  
  43  3:40  Probe  
  48  3:49  Probe  
  48  3:51  Nexus  
  48  3:53  Probe  
  50  3:59  Pylon  
  50  4:01  Probe  
  51  4:05  Probe  
  51  4:06  Robotics Facility  
  52  4:13  Probe  
  52  4:15  Pylon  
  52  4:16  Assimilator  
  53  4:18  Assimilator  
  53  4:19  Shield Battery  
  53  4:22  Probe  
  54  4:26  Adept  
  54  4:28  Adept  
  54  4:29  Probe  
  59  4:34  Probe  
  60  4:41  Probe  
  61  4:46  Pylon, Probe  
  62  4:53  Probe (Chrono Boost)  
  62  4:55  Observer (Chrono Boost)  
  62  4:58  Probe (Chrono Boost), Robotics Bay  
  65  5:00  Sentry, Zealot  
  65  5:03  Pylon  
  71  5:10  Probe (Chrono Boost)  
  71  5:11  Probe (Chrono Boost)  
  71  5:12  Probe (Chrono Boost), Gateway  
  71  5:13  Gateway  
  72  5:15  Forge  
  72  5:18  Probe (Chrono Boost)  
  72  5:19  Probe (Chrono Boost)  
  74  5:21  Sentry  
  74  5:25  Probe  
  77  5:30  Probe x2  
  77  5:32  Pylon  
  79  5:37  Probe  
  79  5:41  Protoss Ground Weapons Level 1, Stalker  
  79  5:42  Probe x2  
  84  5:44  Disruptor (Chrono Boost), Twilight Council  
  84  5:45  Pylon, Forge  
  87  5:51  Probe  
  87  5:55  Probe  
  87  5:56  Probe  
  90  5:57  Assimilator  
  90  6:01  Assimilator  
  90  6:03  Probe  
  91  6:13  Disruptor (Chrono Boost)  
  91  6:16  Stalker x4  
  103  6:18  Probe  
  103  6:23  Gateway  
  103  6:25  Gateway  
  103  6:26  Blink (Chrono Boost)  
  103  6:30  Gateway  
  103  6:31  Gateway  
  103  6:35  Observer  
  103  6:42  Stalker x4  
  103  6:46  Shield Battery  
  111  6:50  Disruptor (Chrono Boost)  
  110  6:55  Shield Battery  
  110  6:57  Pylon  
  110  7:02  Photon Cannon  
  110  7:07  Stalker x2  
  110  7:08  Observer  
  114  7:12  Probe  
  114  7:13  Probe  
  116  7:17  Probe  
  116  7:20  Disruptor (Chrono Boost), Pylon  
  120  7:23  Stalker x2  
  124  7:31  Probe  
  124  7:32  Pylon  
  125  7:41  Nexus  
  125  7:42  Pylon  
  125  7:43  Stalker x4  
  125  7:44  Observer  
  133  7:55  Stalker x4, Protoss Ground Weapons Level 2 (Chrono Boost)  
  141  7:59  Pylon  
  141  8:00  Shield Battery  
  141  8:13  Stalker x3  
  147  8:20  Stalker x3  
  147  8:22  Probe  
  154  8:43  Stalker  
  150  8:53  Disruptor (Chrono Boost)  
  141  8:58  Stalker x4  
  141  9:01  Zealot x3  
  146  9:09  Probe (Chrono Boost), Zealot  
  151  9:15  Probe (Chrono Boost)  
  151  9:16  Probe (Chrono Boost)  
  152  9:18  Probe (Chrono Boost)  
  152  9:20  Disruptor  
  151  9:29  Stalker x7  
  159  9:32  Stalker  
  162  9:38  Probe  
  162  9:41  Robotics Facility  
  160  9:47  Pylon  
  160  9:52  Dark Shrine  
  160  9:56  Disruptor  
  159  10:07  Stalker x6  
  159  10:09  Probe  
  159  10:13  Pylon  
  172  10:21  Pylon  
  172  10:24  Pylon  
  172  10:26  Probe  
  167  10:30  Stalker x3  
  167  10:38  Stalker x2  

Tags
 
Add a new tag
Caveats
  • Supply blocks, unpowered buildings, or Contaminate may cause inaccurate times.
  • Supply counts are checked every 10 seconds.